 Dungeon Crawl Stone Soup version 0.23-a0-14-g8c9a20f (webtiles) character file.

1110 Amnesiac the Conjurer (level 8, 0/52 HPs)
             Began as a Mummy Conjurer on Aug 2, 2018.
             Slain by a sky beast (6 damage)
             ... on level 6 of the Dungeon.
             The game lasted 00:07:51 (4593 turns).

Amnesiac the Conjurer (Mummy Conjurer)              Turns: 4593, Time: 00:07:52

Health: 0/52       AC:  2    Str: 12    XL:     8   Next: 11%
Magic:  0/18       EV: 12    Int: 16    God:
Gold:   189        SH:  0    Dex: 12    Spells: 10/21 levels left

rFire    x x .     SeeInvis .   b - staff of wizardry
rCold    + + .     Gourm    .   (no shield)
rNeg     + + +     Faith    .   g - +0 robe
rPois    ∞         Spirit   .   (no helmet)
rElec    .         Reflect  .   (no cloak)
rCorr    .         Harm     .   (no gloves)
MR       +....                  (no boots)
Stlth    ++........             (no amulet)
HPRegen  0.17/turn              d - ring of ice
MPRegen  0.16/turn              (no ring)

@: no status effects
A: no food or potions, fire vulnerability, cold resistance 1, negative energy
resistance 3, torment resistance, unbreathing
a: no special abilities


You were on level 6 of the Dungeon.
You were not hungry.

You visited 1 branch of the dungeon, and saw 7 of its levels.

You collected 189 gold pieces.

Inventory:

Hand Weapons
 a - a +0 shortbow
 c - a +0 quarterstaff
 n - a +1 spear of venom
Missiles
 h - 64 arrows
 i - 23 stones (quivered)
Armour
 g - a +0 robe (worn)
Magical Staves
 b - an uncursed staff of wizardry (weapon)
Jewellery
 d - a ring of ice (left hand)
Wands
 m - a wand of flame (8)
Scrolls
 e - a scroll of blinking {!r, unknown}
 f - 5 scrolls of identify {!r}
 j - 2 scrolls of remove curse {!r}
 k - a scroll of random uselessness {!r, unknown}
 l - a scroll of teleportation {!r, unknown}


   Skills:
 - Level 1.5 Dodging
 - Level 1.5 Stealth
 + Level 7.2 Spellcasting
 * Level 7.3 Conjurations


You had 10 spell levels left.
You knew the following spells:

 Your Spells              Type           Power        Failure   Level  Hunger
a - Iskenderun's Mystic   Conj           ####....     2%          4    N/A
b - Magic Dart            Conj           ####         1%          1    N/A
d - Searing Ray           Conj           ####..       1%          2    N/A
q - Fulminant Prism       Conj/Hex       ###.......   11%         4    N/A

Your spell library contained the following spells:

 Spells                   Type           Power        Failure   Level  Hunger
 Dazzling Spray           Conj/Hex       ###...       3%          3    N/A
 Force Lance              Conj/Tloc      ###.....     11%         4    N/A

Dungeon Overview and Level Annotations

Branches:
Dungeon (7/15)
 Temple: D:4-7

Altars:
Ashenzari
Cheibriados
Fedhas
Kikubaaqudgha
Yredelemnul

Annotations:
D:5 exclusion: 2 downstairs


Innate Abilities, Weirdness & Mutations

You do not eat or drink.
Your flesh is vulnerable to fire.
You are immune to poison.
Your flesh is cold resistant. (rC+)
You are immune to negative energy. (rN+++)
You are immune to unholy pain and torment.
You can survive without breathing.


Message History

Casting: Iskenderun's Mystic Blast (safe; 2% risk of failure)
Confirm with . or Enter, or press ? or * to list all spells.
Aiming: Iskenderun's Mystic Blast (safe; 2% risk of failure)
Press: ? - help, Shift-Dir - straight line The orb of energy hits the bullfrog.
You kill the bullfrog!
The orb of energy explodes!
Casting: Iskenderun's Mystic Blast (safe; 2% risk of failure)
Confirm with . or Enter, or press ? or * to list all spells.
You can't see any susceptible monsters within range! (Use Z to cast anyway.)
You start resting.
A sky beast comes into view.
A sky beast is nearby!
A sky beast is nearby!
A water moccasin zombie comes into view.
The sky beast hits you. The sky beast shocks you.
There is a stone staircase leading up here.
The sky beast barely misses you.
You climb upwards.
There is a stone staircase leading down here.
The sky beast hits you. The sky beast shocks you.
* * * LOW HITPOINT WARNING * * *
Casting: Iskenderun's Mystic Blast (safe; 2% risk of failure)
Confirm with . or Enter, or press ? or * to list all spells.
Aiming: Iskenderun's Mystic Blast (safe; 2% risk of failure)
Press: ? - help, Shift-Dir - straight line, f - sky beast
Aim: a sky beast
Okay, then.
Casting: Iskenderun's Mystic Blast (safe; 2% risk of failure)
Confirm with . or Enter, or press ? or * to list all spells.
Aiming: Fulminant Prism (safe; 11% risk of failure)
Press: ? - help, Dir - move target cursor You conjure a prism of explosive energy!
The sky beast hits you.
* * * LOW HITPOINT WARNING * * *
The sky beast shocks you.
* * * LOW HITPOINT WARNING * * *
Casting: Fulminant Prism (safe; 11% risk of failure)
Confirm with . or Enter, or press ? or * to list all spells.
Aiming: Iskenderun's Mystic Blast (safe; 2% risk of failure)
Press: ? - help, Shift-Dir - straight line, f - sky beast
Aim: a sky beast The orb of energy hits the sky beast.
The sky beast is heavily wounded.
The orb of energy explodes!
The sky beast flickers out of sight!
Deactivating autopickup; reactivate with Ctrl-A.
Something hits you.
* * * LOW HITPOINT WARNING * * *
Something shocks you.
* * * LOW HITPOINT WARNING * * *
Your fulminant prism crackles loudly.
You can't drink.
Okay, then.
Evoke which item? (* to show all) (? for menu, Esc to quit)
That's the wrong kind of item! (Use * to select it.) Evoke which item? (* to show all) (? for menu, Esc to quit)
Okay, then.
Evoke which item? (* to show all) (? for menu, Esc to quit)
Aiming: Throw Flame
Press: ? - help, Shift-Dir - straight line Something hits you.
* * * LOW HITPOINT WARNING * * *
Something shocks you.
You die...

........#..##....##....#.........
........#..##'#####..###.........
........#.).'....#####....####...
........#...#.)......#....# #...
###.....#...#........#....# #...
..'.....#..##....##..#....# ####
..#.....#..########'####'##
..#.....#........>.*..#...#
..#.....#.......@{....'...#
..#....<#.............#...#
..#.....#......!.##########
..#[....#........##..##
..#.....#..##....##...#
..#.....#..##....##...#
###.....#.........#...#
.......>#####.....'...#
............#.....#...#


You could see a friendly fulminant prism.

Vanquished Creatures
  Menkaure (D:7)
  A sky beast (D:5)
  3 ogres
  A centaur (D:5)
  A bullfrog (D:7)
  A scorpion (D:5)
  2 crimson imps
  A bullfrog zombie (D:5)
  A hound (D:5)
  2 bullfrog skeletons
  A gnoll shaman (D:6)
  An iguana (D:5)
  2 worker ants
  A worker ant zombie (D:6)
  A howler monkey zombie (D:6)
  6 gnolls (D:6)
  4 adders
  An adder skeleton (D:5)
  2 worms
  3 dart slugs
  A leopard gecko (D:5)
  2 orcs
  A ball python (D:4)
  3 bats
  A bat zombie (D:5)
  2 giant cockroaches
  2 goblins
  A hobgoblin (D:3)
  5 jackals
  A kobold (D:1)
  A quokka (D:5)
  A leopard gecko skeleton (D:7)
  13 rats
  2 rat zombies (D:5)
72 creatures vanquished.

Vanquished Creatures (others)
  A fulminant prism (D:7)
1 creature vanquished.

Grand Total: 73 creatures vanquished

Notes
Turn   | Place    | Note
-------+----------+-------------------------------------------
     0 | D:1      | Amnesiac the Mummy Conjurer began the quest for the Orb.
     0 | D:1      | Reached XP level 1. HP: 13/13 MP: 4/4
   212 | D:1      | Reached XP level 2. HP: 13/19 MP: 0/6
   216 | D:1      | Learned a level 2 spell: Searing Ray
   776 | D:3      | Reached XP level 3. HP: 24/24 MP: 1/8
   893 | D:4      | Noticed an ogre
   905 | D:4      | Killed an ogre
   905 | D:4      | Reached XP level 4. HP: 30/30 MP: 0/10
  1045 | D:5      | Entered Level 5 of the Dungeon
  1080 | D:5      | Found a blossoming altar of Fedhas.
  1141 | D:5      | Learned a level 4 spell: Iskenderun's Mystic Blast
  1146 | D:6      | Noticed an ogre
  1161 | D:5      | Reached XP level 5. HP: 35/35 MP: 6/11
  1196 | D:5      | Learned a level 4 spell: Fulminant Prism
  1212 | D:5      | Found a shattered altar of Ashenzari.
  1308 | D:5      | Reached skill level 5 in Conjurations
  1350 | D:6      | Noticed an ogre
  1379 | D:5      | Reached skill level 5 in Spellcasting
  1487 | D:5      | Reached XP level 6. HP: 37/41 MP: 0/13
  1952 | D:5      | Found a basalt altar of Yredelemnul.
  2359 | D:2      | Found a snail-covered altar of Cheibriados.
  2639 | D:5      | Found an ancient bone altar of Kikubaaqudgha.
  2855 | D:6      | Noticed a sky beast
  2955 | D:5      | Killed a sky beast
  2955 | D:5      | Reached XP level 7. HP: 23/46 MP: 0/16
  4463 | D:7      | Noticed Menkaure
  4466 | D:7      | Killed Menkaure
  4466 | D:7      | Reached XP level 8. HP: 52/52 MP: 5/18
  4593 | D:6      | Slain by a sky beast

Vault maps used:
D:1:      erik_arrival_orb_chamber, minivault_27
D:2:      kennysheep_slug_shrine, nicolae_ru_great_annihilating_truth,
          first_ration, minmay_misc_feat_hallway, corexii_leaking_fountain
D:3:      serial_corexii_hall, corexii_hall_statues_i,
          corexii_hall_statues_deadend, tso_metal_star
D:4:      kennysheep_the_goblin_king
D:5:      yredelemnul_altar_generic, lemuel_zombie_altar_kikubaaqudgha,
          kennysheep_little_box, evilmike_ruin_ashenzari
D:6:      nrook_mini_backslash
D:7:      minmay_temple_entry_purple_smoke, grunt_ogre_cave,
          minmay_guarded_unrand_finisher, uniq_menkaure

Skill      XL: |  1  2  3  4  5  6  7 |
---------------+----------------------+-----
Spellcasting   | 3 4 5 6 7 |  7.2
Conjurations   | 4 5 6 7 |  7.3
Dodging        | |  1.5
Stealth        | |  1.5

Action                   |  1- 3 |  4- 6 |  7- 9 || total
-------------------------+-------+-------+-------++-------
Melee: Unarmed           |    16 |       |       ||    16
       Quarterstaff      |       |     5 |       ||     5
       Staff             |       |       |     2 ||     2
 Fire: Shortbow          |       |     1 |       ||     1
 Cast: Magic Dart        |    54 |    31 |     1 ||    86
       Searing Ray       |     1 |    15 |     2 ||    18
       Iskenderun's Myst |       |    14 |    37 ||    51
       Fulminant Prism   |       |       |     2 ||     2
Evoke: Wand              |       |       |     3 ||     3
  Use: Scroll            |       |     4 |       ||     4
Armor: Robe              |     9 |     3 |     1 ||    13
Dodge: Dodged            |    34 |    22 |    16 ||    72

Table legend:
 A = Spawn XP
 B = Non-spawn XP
 C = Spawn XP percentage of total XP
 D = Spawn monster count
 E = Non-spawn monster count
 F = Spawn count percentage of total count
 G = Total turns spent on level
                    A         B        C        D         E        F      G
               +---------+---------+-------+---------+---------+-------+---------
         Total |       0 |    1586 |   0.0 |       0 |      72 |   0.0 |  4593
               +---------+---------+-------+---------+---------+-------+---------
           D:1 |       0 |      20 |   0.0 |       0 |      16 |   0.0 |   392
           D:2 |       0 |      37 |   0.0 |       0 |       5 |   0.0 |   551
           D:3 |       0 |      10 |   0.0 |       0 |       5 |   0.0 |   153
           D:4 |       0 |     125 |   0.0 |       0 |       4 |   0.0 |   211
           D:5 |       0 |     594 |   0.0 |       0 |      20 |   0.0 |  1650
           D:6 |       0 |     537 |   0.0 |       0 |      19 |   0.0 |  1594
           D:7 |       0 |     263 |   0.0 |       0 |       3 |   0.0 |    42
               +---------+---------+-------+---------+---------+-------+---------
